 Dungeon Crawl Stone Soup version 0.29-a0-559-g359e09b9d1 (webtiles) character file.

Game seed: 13115982561577909781

1671 zishaf the Magician (level 9, -5/66 HPs)
             Began as a Djinni Venom Mage on June 10, 2022.
             Was an Initiate of Hepliaklqana.
             Slain by an ice beast (12 damage)
             ... on level 6 of the Dungeon.
             The game lasted 00:16:44 (9244 turns).

zishaf the Magician (Djinni Venom Mage)             Turns: 9244, Time: 00:16:45

Health: -5/66      AC:  3    Str:  7    XL:     9   Next: 21%
Gold:   296        EV: 12    Int: 20    God:    Hepliaklqana [......] SH:  0 Dex: 15

rFire   + + .      SeeInvis .   h - +2 dagger (holy)
rCold   x . .      Faith    .   (no shield)
rNeg    . . .      Spirit   .   a - +0 robe
rPois   ∞          Reflect  .   (no helmet)
rElec   .          Harm     .   c - +0 cloak
rCorr   +          Rampage  .   (no gloves)
Will    .....                   (boots unavailable)
Stlth   ++........              u - amulet of regeneration
HPRegen 1.01/turn               m - ring of resist corrosion
MPRegen 0.00/turn               (no ring)

@: flying
A: sickness immunity, fire resistance 2, cold vulnerability 1, float, innate
caster, HP casting, extra vitality 1
a: Renounce Religion


You were on level 6 of the Dungeon.
You worshipped Hepliaklqana.
Hepliaklqana was noncommittal.
You visited 1 branch of the dungeon, and saw 6 of its levels.

You collected 296 gold pieces.

Inventory:

Hand Weapons
 b - a +0 short sword
 h - a +2 dagger of holy wrath (weapon)
Missiles
 k - 11 boomerangs
 r - 3 throwing nets
Armour
 a - a +0 robe (worn)
 c - a +0 cloak (worn)
 v - a +0 helmet
Jewellery
 d - a ring of ice
 m - a ring of resist corrosion (left hand)
 u - an amulet of regeneration (around neck)
Wands
 j - a wand of digging (5)
Scrolls
 f - 2 scrolls of noise
 g - 3 scrolls of teleportation
 i - a scroll of identify
 n - a scroll of vulnerability
 s - a scroll of fear {unknown}
Potions
 e - a potion of heal wounds
 l - a potion of berserk rage
 o - 2 potions of ambrosia
 p - 3 potions of curing
 q - a potion of mutation {unknown}
 t - a potion of invisibility


   Skills:
 + Level 6.2 Fighting
 - Level 2.1 Dodging
 - Level 1.5 Stealth
 * Level 7.4 Spellcasting


You had 3 spell levels left.
You knew the following spells:

 Your Spells              Type           Power      Damage    Failure   Level
a - Sting                 Tmut/Pois      100%       1d8       1%          1
b - Poisonous Vapours     Pois/Air       74%        N/A       1%          2
c - Gell's Gravitas       Tloc           37%        N/A       1%          3
t - Apportation           Tloc           74%        N/A       1%          1
z - Mephitic Cloud        Conj/Pois/Air  37%        N/A       1%          3
A - Olgreb's Toxic Radia  Pois           37%        N/A       4%          4
B - Call Imp              Summ           37%        N/A       1%          2
Z - Portal Projectile     Hex/Tloc       74%        N/A       1%          3
Your spell library was empty.

Dungeon Overview and Level Annotations

Branches:
Dungeon (6/15)
 Temple: D:4-7

Altars:
Elyvilon
Hepliaklqana
Nemelex Xobeh
Okawaru
Vehumet
Wu Jian
Zin

Shops:
D:4 :


Innate Abilities, Weirdness & Mutations

You are immune to sickness and miasma.
You are immune to poison.
Your flesh is very heat resistant. (rF++)
You are vulnerable to cold. (rC-)
You float through the air rather than walking.
You learn spells naturally, not from books.
Your magical power is your life essence.
You have superior vitality. (+4 MHP)


Message History

Casting: Gell's Gravitas (safe; 1% risk of failure)
Confirm with . or Enter, or press ? or * to list all spells.
Aiming: Gell's Gravitas (safe; 1% risk of failure)
Press: ? - help, Dir - move target Gravity reorients around empty space.
Casting: Gell's Gravitas (safe; 1% risk of failure)
Confirm with . or Enter, or press ? or * to list all spells.
Aiming: Gell's Gravitas (safe; 1% risk of failure)
Press: ? - help, Dir - move target Gravity reorients around empty space.
Casting: Gell's Gravitas (safe; 1% risk of failure)
Confirm with . or Enter, or press ? or * to list all spells.
Aiming: Gell's Gravitas (safe; 1% risk of failure)
Press: ? - help, Dir - move target Gravity reorients around empty space.
Casting: Gell's Gravitas (safe; 1% risk of failure)
Confirm with . or Enter, or press ? or * to list all spells.
Aiming: Gell's Gravitas (safe; 1% risk of failure)
Press: ? - help, Dir - move target, f - ice beast
Aim: an ice beast Gravity reorients around the ice beast.
The ice beast completely misses you.
Casting: Gell's Gravitas (safe; 1% risk of failure)
Confirm with . or Enter, or press ? or * to list all spells.
Aiming: Gell's Gravitas (safe; 1% risk of failure)
Press: ? - help, Dir - move target, f/p - ice beast
Aim: an ice beast Gravity reorients around the ice beast.
The ice beast hits you. The ice beast freezes you!!
You feel a terrible chill!
* * * LOW HITPOINT WARNING * * *
Casting: Gell's Gravitas (safe; 1% risk of failure)
Confirm with . or Enter, or press ? or * to list all spells.
Aiming: Gell's Gravitas (safe; 1% risk of failure)
Press: ? - help, Dir - move target, f/p - ice beast
Aim: an ice beast Gravity reorients around the ice beast.
* * * LOW HITPOINT WARNING * * *
The ice beast hits you.
* * * LOW HITPOINT WARNING * * *
The ice beast freezes you!
You feel a terrible chill!
You die...

######.# ♣.♣ ..
#.#♣♣.♣♣#....
#..[.........
###♣♣.♣♣#.... ♣.♣
## #.#### #
####.##.### .#####
#.........#
#......
#....@Y...####...#
#.........'......#
#.........####...#
#.........#
......#
#.........#
......#
###########
......# ......#
.⌠.⌠..# .._...#


You could see an ice beast.

Vanquished Creatures
  A black bear (D:4)
  3 ogres
  A centaur (D:5)
  A necrophage (D:4)
  A scorpion (D:5)
  2 howler monkeys (D:3)
  5 hounds
  3 jellies
  2 orc priests (D:5)
  2 gnoll shamans (D:3)
  4 iguanas
  5 orc wizards
  25 gnolls
  6 adders
  2 ufetubi
  4 dart slugs
  36 orcs
  A bat (D:3)
  3 endoplasms
  6 giant cockroaches
  9 goblins
  6 hobgoblins
  14 jackals (D:3)
  2 quokkas
  9 ball pythons
  2 frilled lizards (D:2)
  6 kobolds
  7 rats
168 creatures vanquished.

Notes
Turn   | Place    | Note
-------+----------+-------------------------------------------
     0 | D:1      | zishaf the Djinni Venom Mage began the quest for the Orb.
     0 | D:1      | Reached XP level 1. HP: 15/15 MP: 0/0
   125 | D:1      | You are sucked into a shaft and drop 1 floor!
   187 | D:1      | Reached XP level 2. HP: 19/22 MP: 0/0
   692 | D:1      | Reached skill level 1 in Fighting
   692 | D:1      | Reached skill level 3 in Spellcasting
   692 | D:1      | Reached XP level 3. HP: 11/27 MP: 0/0
   692 | D:1      | Learned a level 1 spell: Apportation
   970 | D:1      | Found a faded altar of an unknown god.
  1585 | D:2      | Reached XP level 4. HP: 26/33 MP: 0/0
  2022 | D:2      | Found an ornate altar of the Wu Jian Council.
  2594 | D:3      | Reached XP level 5. HP: 20/38 MP: 0/0
  2594 | D:3      | Learned a level 2 spell: Call Imp
  2860 | D:3      | Found a white marble altar of Elyvilon.
  2923 | D:3      | Found a glowing silver altar of Zin.
  3251 | D:3      | Reached skill level 4 in Spellcasting
  3770 | D:3      | Noticed an ogre
  3779 | D:3      | Reached XP level 6. HP: 35/45 MP: 0/0
  3809 | D:3      | Killed an ogre
  3886 | D:3      | HP: 1/46 [gnoll/+0 flail (6)]
  4065 | D:3      | Reached XP level 7. HP: 32/50 MP: 0/0
  4065 | D:3      | Learned a level 3 spell: Portal Projectile
  4082 | D:3      | Reached skill level 5 in Spellcasting
  6151 | D:4      | Reached XP level 8. HP: 35/58 MP: 0/0
  6635 | D:4      | Reached skill level 6 in Spellcasting
  6943 | D:4      | Found a hazy altar of Hepliaklqana.
  7059 | D:4      | Reached skill level 5 in Fighting
  7894 | D:4      | Found Dathrea's Book Shop.
  8119 | D:4      | Became a worshipper of Hepliaklqana the Forgotten
  8129 | D:5      | Entered Level 5 of the Dungeon
  8207 | D:5      | Reached skill level 7 in Spellcasting
  8207 | D:5      | Reached XP level 9. HP: 25/66 MP: 0/0
  8207 | D:5      | Learned a level 3 spell: Gell's Gravitas
  9085 | D:5      | Found an iron altar of Okawaru.
  9207 | D:6      | Found a sparkling altar of Nemelex Xobeh.
  9244 | D:6      | Slain by an ice beast

Illustrated notes

Levels and vault maps discovered:
D:1:      nzn_arrival_water_spiral, layout_basic, serial_corexii_hall,
          corexii_hall_statues_l, corexii_hall_statues_u,
          corexii_hall_statues_x, ebering_ecumenical_altar_box
D:2:      layout_basic, basic_altar, minmay_split_cup_large
D:3:      lemuel_castle_with_subvaults [lemuel_castle_interior_carwin_2],
          layout_basic, zin_statuary, elyvilon_altar_5
D:4:      layout_loops_ring, kennysheep_little_box, old_standard_altar,
          serial_shops, nicolae_shop_competitors_out_of_business
D:5:      layout_rooms, mainiacjoe_overflow_alcove_1
D:6:      layout_basic, nemelex_xobeh_ov_fountains_minmay,
          amcnicky_altar_gilded, minmay_tree_intersection, serial_bayou_lake_a

Skill      XL: |  1  2  3  4  5  6  7  8  9 |
---------------+----------------------------+-----
Fighting       | 1 2 3 4 5 6 |  6.2
Spellcasting   | 3 4 5 7 |  7.4
Dodging        | |  2.1
Stealth        | |  1.5

Action                   |  1- 3 |  4- 6 |  7- 9 || total
-------------------------+-------+-------+-------++-------
Melee: Dagger            |     5 |    14 |    89 ||   108
       Punch             |       |       |     3 ||     3
 Cast: Sting             |    47 |    38 |    29 ||   114
       Poisonous Vapours |     2 |    44 |   161 ||   207
       Mephitic Cloud    |       |     6 |     5 ||    11
       Olgreb's Toxic Ra |       |     1 |     8 ||     9
       Call Imp          |       |       |     2 ||     2
       Gell's Gravitas   |       |       |    15 ||    15
  Use: Potion            |       |     1 |       ||     1
       Scroll            |       |       |    10 ||    10
 Stab: Confused          |       |       |     1 ||     1
Armor: Robe              |     2 |    19 |    26 ||    47
Dodge: Dodged            |    10 |    65 |    99 ||   174

Table legend: (Time is in decaauts)
 A = Elapsed time spent in this place.
 B = Non-inter-level travel time spent in this place.
 C = Inter-level travel time spent in this place.
 D = Time resting spent in this place.
 E = Time spent auto-exploring this place.
 F = Levels seen in this place.
 G = Mean time per level.
                   A        B        C        D        E       F      G
               +--------+--------+--------+--------+--------+-----+--------+
         Total |   9245 |   9040 |    205 |   1082 |   6400 |   6 | 1540.8 |
       Dungeon |   9245 |   9040 |    205 |   1082 |   6400 |   6 | 1540.8 |
               +--------+--------+--------+--------+--------+-----+--------+

Top non-repeatable levels by time:
     D:3: 4390 daAuts
     D:4: 1659 daAuts
     D:1: 1211 daAuts
     D:5: 1023 daAuts
     D:2: 869 daAuts
     D:6: 90 daAuts
